 Dungeon Crawl Stone Soup version 0.21-a0-440-g28109cb (webtiles) character file.

43094 esteth the Severer (level 13, -5/112 HPs)
             Began as a Deep Dwarf Fighter on Nov 11, 2017.
             Was the Champion of Makhleb.
             Slain by a manticore (6 damage)
             ... on level 6 of the Lair of Beasts.
             The game lasted 00:34:28 (12719 turns).

esteth the Severer (Deep Dwarf Fighter)            Turns: 12719, Time: 00:34:29

Health: -5/112     AC: 17    Str: 24    XL:     13   Next: 89%
Magic:  15/15      EV:  2    Int: 11    God:    Makhleb [******]
Gold:   1579       SH:  0    Dex: 13    Spells: 12/12 levels left

rFire    + . .     SeeInvis .   t - +6 broad axe (flame)
rCold    + + .     Gourm    .   U - +2 shield
rNeg     + + +     Faith    .   e - +3 plate armour
rPois    ∞         Spirit   .   (helmet restricted)
rElec    .         Reflect  .   a - scarf {rC+ rF+}
rCorr    .         Harm     .   (no gloves)
MR       +....                  v - +0 pair of boots
Stlth    ..........             (no amulet)
HPRegen  0.00/turn              z - ring of protection from cold
MPRegen  0.14/turn              P - ring of poison resistance

@: petrified, barbed spikes, non-regenerating
A: damage resistance, heal wounds, fangs 1, horns 1, clever 1, sense
surroundings 2, no regeneration
a: Heal Wounds, Minor Destruction, Lesser Servant of Makhleb, Major Destruction,
Greater Servant of Makhleb, Renounce Religion


You were on level 6 of the Lair of Beasts.
You worshipped Makhleb.
Makhleb was exalted by your worship.
You were not hungry.

You visited 3 branches of the dungeon, and saw 18 of its levels.
You also visited: Ice Cave.

You collected 1579 gold pieces.

Inventory:

Hand Weapons
 t - a +6 broad axe of flaming (weapon)
Armour
 a - a scarf of resistance (worn)
 e - a +3 plate armour (worn)
 s - +0 ice dragon scales
 v - a +0 pair of boots (worn)
 C - the +1 chain mail of Minor Irritation {rPois}
   (You found it on level 10 of the Dungeon)

   It protects you from poison.
 U - a +2 shield (worn)
Jewellery
 x - the ring of Tynkeriq {*Slow rF- rN+ Int+2 Dex+8}
   (You found it in an ice cave)

   [ring of positive energy]

   It affects your intelligence (+2).
   It affects your dexterity (+8).
   It makes you vulnerable to fire.
   It protects you from negative energy.
   It may slow you when you take damage.
 z - a ring of protection from cold (left hand)
 P - a ring of poison resistance (right hand)
Wands
 r - a wand of digging (10/24)
 y - a wand of disintegration (9/24)
 B - a wand of iceblast (8/15)
 F - a wand of scattershot (1/9)
 Q - a wand of digging (12/24)
 V - a wand of disintegration (7/24)
Scrolls
 i - 3 scrolls of remove curse
 j - 3 scrolls of immolation
 k - 2 scrolls of teleportation
 n - 2 scrolls of amnesia
 p - 4 scrolls of recharging
 u - 6 scrolls of identify
 H - 2 scrolls of blinking
 L - 3 scrolls of magic mapping {unknown}
 W - a scroll of holy word
 Y - a scroll of fear
Potions
 d - 2 potions of might
 f - a potion of ambrosia {unknown}
 g - 3 potions of mutation
 m - 2 potions of brilliance
 o - 4 potions of cancellation {unknown}
 q - 4 potions of curing {unknown}
 A - 5 potions of degeneration {unknown}
 D - a potion of lignification {unknown}
 I - 2 potions of agility {unknown}
 J - 2 potions of resistance {unknown}
 K - 3 potions of haste
 M - 3 potions of heal wounds {unknown}
 S - a potion of magic {unknown}
 X - 2 potions of flight {unknown}
Books
 w - Pacoggoi's Almanac of Assistive Toxins
   (You found it on level 6 of the Dungeon)

   Spells                             Type                      Level
   a - Sting                          Conjuration/Poison           1
   b - Shroud of Golubria             Charms/Translocation         2
   c - Ozocubu's Armour               Charms/Ice                   3
   d - Spectral Weapon                Hexes/Charms                 3
   e - Excruciating Wounds            Charms/Necromancy            5
   f - Venom Bolt                     Conjuration/Poison           5
 E - a book of Maledictions

   Spells                             Type                      Level
   a - Corona                         Hexes                        1
   b - Ensorcelled Hibernation        Hexes/Ice                    2
   c - Confuse                        Hexes                        3
   d - Tukima's Dance                 Hexes                        3
   e - Dazzling Spray                 Conjuration/Hexes            3
 Z - a book of Geomancy

   Spells                             Type                      Level
   a - Sandblast                      Earth                        1
   b - Passwall                       Transmutation/Earth          2
   c - Stone Arrow                    Conjuration/Earth            3
   d - Petrify                        Transmutation/Earth          4
   e - Lee's Rapid Deconstruction     Earth                        5
Comestibles
 h - 9 royal jellies
 l - 9 meat rations
 G - 14 fruits
 N - a bread ration
 O - 13 chunks of flesh


   Skills:
 - Level 6.3 Fighting
 - Level 18.0 Axes
 - Level 7.7 Armour
 - Level 6.7 Dodging
 - Level 3.2 Shields
 + Level 12.7 Invocations
 + Level 11.1 Evocations


You had 12 spell levels left.
You didn't know any spells.

Dungeon Overview and Level Annotations

Branches:
Dungeon (11/15)            Temple (1/1) D:6            Lair (6/6) D:11
  Swamp (0/4) Lair:4       Spider (0/4) Lair:2        Slime (0/5) Lair:5
    Orc: D:9-12

Altars:
Ashenzari
Cheibriados
Dithmenos
Elyvilon
Fedhas
Gozag
Hepliaklqana
Kikubaaqudgha
Makhleb
Nemelex Xobeh
Okawaru
Qazlal
Ru
Sif Muna
Trog
Uskayaw
Vehumet
Wu Jian
Xom
Yredelemnul
Zin
The Shining One
Jiyva

Annotations:
D:3 Jessica, Sigmund
D:6 1 runed door
D:8 1 exclusion, Psyche
Lair:2 1 exclusion


Innate Abilities, Weirdness & Mutations

You are resistant to damage.
You can heal yourself by infusing magical energy.
You passively map the area around you.
You do not regenerate.
You have very sharp teeth.
You have a pair of small horns on your head.
Your mind is acute. (Int +2)


Message History

The manticore claws you.
The manticore claws you but does no damage.
You are engulfed in calcifying dust.
The catoblepas gores you!!
* * * LOW HITPOINT WARNING * * *
The manticore bites you but does no damage.
The manticore claws you.
* * * LOW HITPOINT WARNING * * *
The manticore claws you.
You are engulfed in calcifying dust.
The catoblepas gores you!
* * * LOW HITPOINT WARNING * * *
The manticore bites you. The manticore claws you.
The manticore claws you but does no damage.
You are engulfed in calcifying dust.
The catoblepas barely misses you. The manticore bites you.
The manticore claws you.
* * * LOW HITPOINT WARNING * * *
The manticore barely misses you.
You are engulfed in calcifying dust.
The catoblepas breathes a plume of calcifying dust at you.
The blast of calcifying dust hits you! The manticore bites you!
You die...

* ,..* , , ,* * *
.### ,.##. * *
,..## * .... * ,
*#..## #... * , ,,
##..P# ##..# * *
,, , #...## #..#
### * , ##..P###.#
###.# * *,
##....†...####....
* ,
#@.###....P##.....
* , #HY##
###...#...... ** *
8 8.....#
##.....##.. * *
8,P..8.###
###.###... *
,..8... *
#######...# ,
...8.. ,
#.P###...## ,,
*#.... ##......##
* #####*
###......#
###......8...


You could see a catoblepas and a manticore.

Vanquished Creatures
  Nessos (Lair:5)
  2 ice dragons (IceCv)
  A hydra (D:11)
  2 catoblepae (Lair:6)
  Erica (Lair:2)
  4 two-headed ogres
  A queen ant (D:11)
  The ghost of Feta the Blocker, a novice FoFi of Ru (D:10)
  7 death yaks (Lair:6)
  An unseen horror (D:11)
  Pikel (D:8)
  An ugly thing (D:11)
  A cyclops (D:11)
  6 elephants (Lair:4)
  2 ice statues (IceCv)
  A gargoyle (D:8)
  6 spiny frogs
  4 rime drakes
  5 komodo dragons
  A kobold demonologist (D:11)
  A troll (D:9)
  A hornet (Lair:2)
  4 hippogriffs
  11 dream sheep
  11 blink frogs
  A vampire (D:11)
  A wyvern (Lair:4)
  32 yaks
  Eustachio (D:4)
  A basilisk (Lair:3)
  3 hungry ghosts
  3 wargs (D:11)
  5 soldier ants (D:11)
  2 insubstantial wisps (Lair:3)
  Duvessa (D:7)
  9 porcupines
  17 ice beasts
  2 slaves (D:8)
  8 water moccasins
  2 black bears
  An orc warrior (D:7)
  A sky beast (D:8)
  An eye of draining (D:11)
  A phantom (D:7)
  11 wolves
  A centaur (D:5)
  4 ogres
  9 crocodiles
  6 big kobolds
  11 bullfrogs
  A wyvern zombie (D:11)
  A wyvern skeleton (D:9)
  2 scorpions
  Dowan (D:7)
  4 killer bees (D:9)
  An electric eel (Lair:6)
  A crimson imp (D:9)
  3 howler monkeys (D:9)
  3 centaur zombies
  5 jellies
  6 orc priests
  5 hounds
  A bullfrog skeleton (D:8)
  A centaur skeleton (D:8)
  8 orc wizards
  An iguana (D:5)
  21 worker ants
  2 hound zombies
  3 hound skeletons
  A howler monkey zombie (D:7)
  12 gnolls
  A howler monkey skeleton (D:5)
  8 adders
  3 shadow imps
  12 white imps (Lair:4)
  An adder zombie (D:5)
  A worm (D:2)
  2 dart slugs
  5 leopard geckos
  36 orcs
  5 bats
  4 giant cockroaches
  11 goblins
  4 hobgoblins
  6 jackals
  21 kobolds
  3 quokkas
  A giant cockroach zombie (D:5)
  A leopard gecko skeleton (D:8)
  A quokka skeleton (D:8)
  6 rats
  A fungus (Lair:6)
  A plant (Lair:5)
428 creatures vanquished.

Vanquished Creatures (others)
  2 fungi
2 creatures vanquished.

Grand Total: 430 creatures vanquished

Notes
Turn   | Place    | Note
-------+----------+-------------------------------------------
     0 | D:1      | esteth the Deep Dwarf Fighter began the quest for the Orb.
     0 | D:1      | Reached XP level 1. HP: 20/20 MP: 1/1
    60 | D:1      | Reached skill level 3 in Axes
    82 | D:1      | Reached XP level 2. HP: 25/27 MP: 2/2
   733 | D:2      | Reached XP level 3. HP: 19/33 MP: 3/3
   800 | D:2      | Reached skill level 4 in Axes
  1181 | D:3      | Reached XP level 4. HP: 40/40 MP: 4/4
  1232 | D:3      | Found an ornate altar of the Wu Jian Council.
  1269 | D:3      | Reached skill level 5 in Axes
  1436 | D:3      | Noticed Jessica
  1439 | D:3      | Noticed Sigmund
  1628 | D:4      | Noticed Eustachio
  1757 | D:4      | Killed Eustachio
  1757 | D:4      | Reached skill level 6 in Axes
  1757 | D:4      | Reached XP level 5. HP: 24/46 MP: 3/3
  1879 | D:4      | Reached skill level 7 in Axes
  1879 | D:4      | Reached XP level 6. HP: 42/55 MP: 4/4
  2018 | D:4      | Found a shadowy altar of Dithmenos.
  2637 | D:5      | Entered Level 5 of the Dungeon
  2817 | D:5      | Reached skill level 8 in Axes
  2848 | D:5      | Got a pitted mace
  2849 | D:5      | Identified the cursed +2 mace of Moral Flaws {flame, -Tele +Rage rElec Str+9} (You found it on level 5 of the Dungeon)
  2896 | D:5      | Reached XP level 7. HP: 26/61 MP: 4/4
  2951 | D:5      | Found a deep blue altar of Sif Muna.
  3310 | D:6      | Reached skill level 9 in Axes
  3492 | D:6      | Reached skill level 10 in Axes
  3573 | D:6      | Found a staircase to the Ecumenical Temple.
  3628 | Temple   | Entered the Ecumenical Temple
  3746 | Temple   | Became a worshipper of Makhleb the Destroyer
  3857 | D:6      | Found a runed door.
  3901 | D:6      | Reached XP level 8. HP: 31/68 MP: 4/4
  3920 | D:6      | Identified Pacoggoi's Almanac of Assistive Toxins
  4062 | D:7      | Identified a scroll of acquirement
  4080 | D:7      | Noticed a hippogriff
  4088 | D:7      | Killed a hippogriff
  4088 | D:7      | Reached skill level 11 in Axes
  4144 | D:7      | Reached skill level 12 in Axes
  4336 | D:7      | Noticed Dowan
  4337 | D:7      | Noticed Duvessa
  4339 | D:7      | Gained mutation: You have very sharp teeth. [potion of mutation]
  4339 | D:7      | Gained mutation: Your mind is acute. (Int +2) [potion of mutation]
  4339 | D:7      | Gained mutation: You have a pair of small horns on your head. [potion of mutation]
  4345 | D:7      | Killed Dowan
  4354 | D:7      | Killed Duvessa
  4373 | D:7      | You fall through a shaft for 2 floors!
  4381 | D:9      | Gained mutation: You passively map the area around you. [Deep Dwarf growth]
  4381 | D:9      | Reached XP level 9. HP: 49/74 MP: 3/3
  4449 | D:9      | Noticed a troll
  4463 | D:9      | Reached skill level 13 in Axes
  4470 | D:9      | Killed a troll
  4539 | D:8      | Reached * piety under Makhleb
  4906 | D:7      | Reached skill level 14 in Axes
  5027 | D:8      | Noticed Pikel
  5041 | D:8      | Killed Pikel
  5133 | D:8      | Noticed a gargoyle
  5147 | D:8      | Killed a gargoyle
  5147 | D:8      | Reached skill level 15 in Axes
  5147 | D:8      | Reached XP level 10. HP: 65/81 MP: 4/4
  5245 | D:8      | Noticed a two-headed ogre
  5253 | D:8      | Killed a two-headed ogre
  5299 | D:8      | Reached ** piety under Makhleb
  5429 | D:8      | Noticed Psyche
  5798 | D:9      | Noticed a two-headed ogre
  5805 | D:9      | Killed a two-headed ogre
  5842 | D:9      | Reached skill level 5 in Invocations
  6447 | D:10     | Entered Level 10 of the Dungeon
  6447 | D:10     | Noticed a two-headed ogre
  6454 | D:10     | Killed a two-headed ogre
  6473 | D:10     | Got a faintly humming chain mail
  6475 | D:10     | Identified the +1 chain mail of Minor Irritation {rPois} (You found it on level 10 of the Dungeon)
  6612 | D:10     | Noticed Feta's ghost (novice FoFi)
  6629 | D:10     | Killed Feta's ghost
  6962 | D:11     | Noticed a two-headed ogre
  6972 | D:11     | Killed a two-headed ogre
  6972 | D:11     | Reached skill level 10 in Invocations
  6972 | D:11     | Reached XP level 11. HP: 78/88 MP: 12/12
  7037 | D:11     | Reached skill level 1 in Dodging
  7059 | D:11     | Reached *** piety under Makhleb
  7149 | D:11     | Noticed a two-headed hydra
  7160 | D:11     | Killed a one-headed hydra
  7322 | D:11     | Noticed a queen ant
  7334 | D:11     | Reached skill level 16 in Axes
  7344 | D:11     | Killed a queen ant
  7344 | D:11     | Reached skill level 5 in Armour
  7370 | D:11     | Reached **** piety under Makhleb
  7580 | D:11     | Killed an unseen horror
  7660 | D:11     | Found a staircase to the Lair.
  7783 | D:11     | Noticed a brown ugly thing
  7798 | D:11     | Killed a brown ugly thing
  8005 | Lair:1   | Entered Level 1 of the Lair of Beasts
  8094 | Lair:1   | Reached skill level 5 in Fighting
  8227 | Lair:1   | Reached skill level 5 in Dodging
  8232 | Lair:1   | Reached XP level 12. HP: 79/103 MP: 13/13
  8826 | Lair:2   | Found a hole to the Spider Nest.
  9003 | Lair:2   | Noticed Erica
  9021 | Lair:2   | Killed Erica
  9083 | Lair:2   | Paralysed by a hornet for 2 turns
  9469 | Lair:3   | Reached ***** piety under Makhleb
 10381 | Lair:4   | Reached skill level 1 in Evocations
 10402 | Lair:4   | Reached skill level 17 in Axes
 10422 | Lair:4   | Found a staircase to the Swamp.
 10594 | Lair:4   | Found a frozen archway.
 10598 | Lair:4   | Reached skill level 5 in Evocations
 10626 | IceCv    | Entered an ice cave
 10666 | IceCv    | Reached XP level 13. HP: 108/112 MP: 14/14
 10850 | IceCv    | Got a wavering golden ring
 11035 | IceCv    | Identified the ring of Tynkeriq {*Slow rF- rN+ Int+2 Dex+8} (You found it in an ice cave)
 11603 | Lair:5   | Found a staircase to the Slime Pits.
 11603 | Lair:5   | Found a viscous altar of Jiyva.
 11980 | Lair:5   | Noticed Nessos
 12003 | Lair:5   | Killed Nessos
 12270 | Lair:6   | Entered Level 6 of the Lair of Beasts
 12385 | Lair:6   | Reached skill level 18 in Axes
 12454 | Lair:6   | Reached skill level 10 in Evocations
 12625 | Lair:6   | Reached ****** piety under Makhleb
 12717 | Lair:6   | HP: 2/112 [catoblepas (5)]
 12719 | Lair:6   | Slain by a manticore

Vault maps used:
D:1:      saegor_arrival_simple_c, minmay_misc_feat_enclosed,
          hangedman_decor_points
D:2:      first_bread
D:3:      old_standard_altar, makhleb_altar_promises_db, uniq_jessica,
          uniq_grinder, uniq_sigmund
D:4:      lemuel_upstairs_altar, nicolae_dithmenos_through_a_glass_darkly,
          uniq_eustachio
D:5:      led_sif_book
D:6:      minmay_temple_entry_poolview, minmay_misc_feat_doors, grunt_decor_cap,
          feat_on_display, uniq_crazy_yiuf_cottage
D:7:      serial_park_tiny_1, uniq_duvessa
D:8:      uniq_psyche, uniq_pikel
D:11:     erik_lair_orcish_takeover, lightli_bailey_entry_fortress,
          serial_column_ruins, column_ruins_circle_small,
          column_ruins_columns_straight, column_ruins_open_small,
          column_ruins_grid_3, column_ruins_columns_straight,
          column_ruins_columns_water, column_ruins_corridor_plus,
          column_ruins_open_tiny, hangedman_ranch, minmay_another_anthill
Temple:   kilobyte_greek_temple
Lair:1:   patterned_corridor, serial_bayou_shore_a
Lair:2:   nicolae_spider_entry_orb_guardian, grunt_megastairs_5, uniq_erica
Lair:3:   pond
Lair:4:   swamp_mist_pool, portal_ice_cave_entry_imps, grunt_megastairs_2,
          infiniplex_staircase_pool_2
Lair:5:   slime_altar_1, serial_bayou_shore_b, uniq_nessos
Lair:6:   evilmike_catoblepas_cave, worms_lemuel, infiniplex_staircase_pool
IceCv:    ice_cave_small_dragons

Skill      XL: |  1  2  3  4  5  6  7  8  9 10 11 12 13 |
---------------+----------------------------------------+-----
Axes           | 3 4 6 7 8 10 12 15 16 17 18 | 18.0
Invocations    | 10 12 | 12.7
Dodging        | 5 6 |  6.7
Fighting       | 5 6 |  6.3
Armour         | 6 7 |  7.7
Evocations     | 6 11 | 11.1
Shields        | |  3.2

Action                   |  1- 3 |  4- 6 |  7- 9 | 10-12 | 13-15 || total
-------------------------+-------+-------+-------+-------+-------++-------
Melee: War axe           |   105 |   195 |    72 |       |       ||   372
       Unarmed           |       |     4 |       |       |       ||     4
       Mace              |       |     4 |    26 |       |       ||    30
       Broad axe         |       |       |   174 |   549 |   235 ||   958
       Headbutt          |       |       |    22 |   144 |    66 ||   232
       Bite              |       |       |    10 |    63 |    27 ||   100
Invok: Lesser Servant of |       |       |       |       |     1 ||     1
       Major Destruction |       |       |       |       |     1 ||     1
 Abil: Heal Wounds       |     1 |     6 |    10 |     2 |     2 ||    21
  Use: Scroll            |     5 |       |     9 |    11 |     8 ||    33
       Potion            |       |       |     3 |       |       ||     3
  Eat: Chunk             |     1 |     2 |     3 |    16 |     7 ||    29
       Bread ration      |       |     1 |     3 |       |       ||     4
Armor: Scale mail        |    36 |     1 |       |       |       ||    37
       Plate armour      |       |   187 |   157 |   278 |   125 ||   747
       Skin              |       |     2 |       |       |       ||     2
Dodge: Dodged            |    28 |    49 |    41 |    92 |    59 ||   269
Block: Shield            |    53 |   164 |   150 |   225 |    92 ||   684

Table legend:
 A = Spawn XP
 B = Non-spawn XP
 C = Spawn XP percentage of total XP
 D = Spawn monster count
 E = Non-spawn monster count
 F = Spawn count percentage of total count
 G = Total turns spent on level
                    A         B        C        D         E        F      G
               +---------+---------+-------+---------+---------+-------+---------
         Total |       0 |   61563 |   0.0 |       0 |     424 |   0.0 | 12719
               +---------+---------+-------+---------+---------+-------+---------
           D:1 |       0 |      35 |   0.0 |       0 |      19 |   0.0 |   709
           D:2 |       0 |      17 |   0.0 |       0 |       8 |   0.0 |   381
           D:3 |       0 |      87 |   0.0 |       0 |      19 |   0.0 |   412
           D:4 |       0 |     329 |   0.0 |       0 |      15 |   0.0 |  1156
           D:5 |       0 |     431 |   0.0 |       0 |      22 |   0.0 |   671
           D:6 |       0 |     542 |   0.0 |       0 |      15 |   0.0 |   602
           D:7 |       0 |    1514 |   0.0 |       0 |      23 |   0.0 |   683
           D:8 |       0 |    3103 |   0.0 |       0 |      31 |   0.0 |   869
           D:9 |       0 |    2201 |   0.0 |       0 |      19 |   0.0 |   811
          D:10 |       0 |    2394 |   0.0 |       0 |       9 |   0.0 |   515
          D:11 |       0 |    9143 |   0.0 |       0 |      78 |   0.0 |  1043
        Lair:1 |       0 |    3569 |   0.0 |       0 |      18 |   0.0 |   799
        Lair:2 |       0 |    3492 |   0.0 |       0 |      15 |   0.0 |   658
        Lair:3 |       0 |    3392 |   0.0 |       0 |      16 |   0.0 |   872
        Lair:4 |       0 |    6077 |   0.0 |       0 |      34 |   0.0 |   718
        Lair:5 |       0 |    5051 |   0.0 |       0 |      20 |   0.0 |   752
        Lair:6 |       0 |   14797 |   0.0 |       0 |      43 |   0.0 |   449
         IceCv |       0 |    5389 |   0.0 |       0 |      20 |   0.0 |   466
               +---------+---------+-------+---------+---------+-------+---------
